 Dungeon Crawl Stone Soup version 0.29-a0-119-g4040846114 (webtiles) character file.

Game seed: 1285482617792195175

830 frimble the Chiller (level 7, -7/51 HPs)
             Began as a Gnoll Ice Elementalist on Feb 20, 2022.
             Mangled by a gnoll (8 damage)
             ... on level 5 of the Dungeon.
             The game lasted 00:04:34 (3773 turns).

frimble the Chiller (Gnoll Ice Elementalist)        Turns: 3773, Time: 00:04:35

Health: -7/51      AC:  7    Str:  9    XL:     7   Next: 97%
Magic:  15/15      EV: 13    Int: 15    God:
Gold:   220        SH:  5    Dex: 12    Spells: 10/17 levels left

rFire   . . .      SeeInvis +   b - +3 short sword
rCold   . . .      Faith    .   (no shield)
rNeg    . . .      Spirit   .   g - +0 troll leather armour
rPois   .          Reflect  +   q - +0 helmet
rElec   .          Harm     .   d - +0 cloak
rCorr   .          Rampage  .   (no gloves)
Will    .....                   m - +0 pair of boots
Stlth   +++.......              n - amulet of reflection
HPRegen 0.97/turn               j - ring of see invisible
MPRegen 0.14/turn               (no ring)

@: no status effects
A: fangs 1, strong nose, distributed training
a: no special abilities


You were on level 5 of the Dungeon.
You visited 1 branch of the dungeon, and saw 5 of its levels.

You collected 220 gold pieces.

Inventory:

Hand Weapons
 a - a +2 dagger of venom
 b - a +3 short sword (weapon)
Armour
 d - a +0 cloak (worn)
 g - a +0 troll leather armour (worn)
 m - a +0 pair of boots (worn)
 q - a +0 helmet (worn)
 r - a +0 buckler
Jewellery
 j - a ring of see invisible (left hand)
 n - an amulet of reflection (around neck)
Scrolls
 p - a scroll of fear
 s - 2 scrolls of identify
Potions
 c - 5 potions of heal wounds {unknown}
 e - 5 potions of curing {unknown}
 f - a potion of haste {unknown}
 h - a potion of might
 i - a potion of invisibility {unknown}
 k - 2 potions of flight {unknown}
 l - a potion of berserk rage {unknown}
 o - 2 potions of mutation {unknown}
 t - a potion of lignification {unknown}


   Skills:
 + Level 2.8 Fighting
 + Level 2.8 Short Blades
 + Level 2.8 Long Blades
 + Level 2.8 Axes
 + Level 2.8 Maces & Flails
 + Level 2.8 Polearms
 + Level 2.8 Staves
 + Level 2.8 Slings
 + Level 2.8 Bows
 + Level 2.8 Crossbows
 + Level 2.8 Throwing
 + Level 2.8 Armour
 + Level 5.4 Dodging
 + Level 5.1 Stealth
 + Level 2.8 Shields
 + Level 2.8 Unarmed Combat
 + Level 5.8 Spellcasting
 + Level 2.3 Conjurations
 + Level 2.3 Hexes
 + Level 2.3 Summonings
 + Level 2.3 Necromancy
 + Level 2.3 Translocations
 + Level 2.3 Transmutations
 + Level 2.3 Fire Magic
 + Level 7.5 Ice Magic
 + Level 2.3 Air Magic
 + Level 2.3 Earth Magic
 + Level 2.3 Poison Magic
 + Level 3.1 Invocations
 + Level 2.8 Evocations


You had 10 spell levels left.
You knew the following spells:

 Your Spells              Type           Power      Damage    Failure   Level
a - Freeze                Ice            100%       1d11      1%          1
b - Frozen Ramparts       Ice            52%        1d7       2%          3
c - Ozocubu's Armour      Ice            26%        N/A       2%          3

Your spell library contained the following spells:

 Spells                   Type           Power      Damage    Failure   Level
 Summon Small Mammal      Summ           44%        N/A       8%          1
 Call Canine Familiar     Summ           11%        N/A       24%         3
 Conjure Flame            Conj/Fire      11%        6-21      24%         3
 Gell's Gravitas          Tloc           11%        N/A       24%         3
 Ignite Poison            Fire/Tmut/Pois 11%        N/A       24%         3
 Lesser Beckoning         Tloc           11%        N/A       24%         3
 Summon Guardian Golem    Hex/Summ       11%        N/A       24%         3
 Teleport Other           Tloc           11%        N/A       24%         3
 Hailstorm                Conj/Ice       19%        3d6       26%         4
 Sticky Flame             Conj/Fire      11%        2d3       61%         4


Dungeon Overview and Level Annotations

Branches:
Dungeon (5/15)
 Temple: D:4-7

Altars:
Qazlal


Innate Abilities, Weirdness & Mutations

You have very sharp teeth.
Your uncanny sense of smell can sniff out nearby items.
Your experience applies equally to all skills.


Message History

A gnoll is nearby!
A gnoll is nearby!
A gnoll sergeant and a gnoll come into view.
The gnoll sergeant is wielding a +0 vampiric spear.
Found a runed broad axe.
The gnoll shouts!
You hear a shout!
An ice beast comes into view.
A gnoll comes into view.
It is wielding a +0 halberd. 2 gnolls come into view.
The gnoll moves out of view.
The gnoll shouts! x2
The gnoll throws a throwing net.
The throwing net hits you.
You become entangled in the net!
The gnoll hits you with a +0 halberd!
You see here a throwing net.
You tear a large gash into the net.
The gnoll hits you with a +0 halberd! The gnoll hits you with a +0 flail!
You are too injured to fight recklessly!
You are too injured to fight recklessly!
You are too injured to fight recklessly!
You are too injured to fight recklessly!
You are too injured to fight recklessly!
You are too injured to fight recklessly!
You are too injured to fight recklessly!
You are too injured to fight recklessly!
You are too injured to fight recklessly!
You are too injured to fight recklessly!
You struggle against the net.
The gnoll sergeant barely misses you. The gnoll barely misses you.
The gnoll hits you but does no damage.
You rip the net and break free!
The gnoll hits you with a +0 club.
The gnoll sergeant hits you but does no damage.
The gnoll closely misses you. x2; The gnoll hits you with a +0 flail!
The gnoll hits you from afar with a +0 halberd.
* * * LOW HITPOINT WARNING * * *
There is an escape hatch in the floor here.
The ice beast hits you.
* * * LOW HITPOINT WARNING * * *
The ice beast freezes you!
* * * LOW HITPOINT WARNING * * *
The gnoll misses you. The gnoll hits you with a +0 club!
You die...

....#..............#......
....##.............+....)#
....##......########.....#
....##......#............#
....#.......+......g.....#
....'.......#.....g......#
....#.......#.....gg#
..:.#.......#...Y.g.#
....#.......#...@g..#
....#(......#.......#
###'###.....#.......#
##..###.....##.....##
#............#.....#
#............#.....#
#............#.....#
##..###......#.....#
######......#.....#


You could see an ice beast, a gnoll sergeant and 5 gnolls.

Vanquished Creatures
  Sigmund (D:2)
  A water moccasin (D:3)
  An ice beast (D:5)
  A black bear (D:4)
  A phantom (D:4)
  An orc priest (D:4)
  Jessica (D:2)
  Natasha (thrice) (D:3)
  A howler monkey zombie (D:5)
  3 adders
  4 gnolls (D:3)
  2 adder skeletons
  4 worms
  2 dart slugs
  8 orcs
  3 endoplasms (D:1)
  2 giant cockroaches
  5 hobgoblins
  4 quokkas
  5 ball pythons
  3 bats
  2 frilled lizards
  6 goblins
  9 kobolds
  A quokka skeleton (D:4)
  10 rats
84 creatures vanquished.

Notes
Turn   | Place    | Note
-------+----------+-------------------------------------------
     0 | D:1      | frimble the Gnoll Ice Elementalist began the quest for the
                  | Orb.
     0 | D:1      | Reached XP level 1. HP: 13/13 MP: 6/6
   183 | D:1      | Reached XP level 2. HP: 13/19 MP: 5/7
   870 | D:2      | Noticed Jessica
   876 | D:2      | Killed Jessica
   877 | D:2      | Reached skill level 5 in Spellcasting
   877 | D:2      | Reached skill level 1 in Invocations
   877 | D:2      | Reached XP level 3. HP: 15/25 MP: 6/9
   968 | D:2      | Reached skill level 1 in Fighting
   968 | D:2      | Reached skill level 1 in Short Blades
   968 | D:2      | Reached skill level 1 in Long Blades
   968 | D:2      | Reached skill level 1 in Axes
   968 | D:2      | Reached skill level 1 in Maces & Flails
   968 | D:2      | Reached skill level 1 in Polearms
   968 | D:2      | Reached skill level 1 in Staves
   968 | D:2      | Reached skill level 1 in Slings
   968 | D:2      | Reached skill level 1 in Bows
   968 | D:2      | Reached skill level 1 in Crossbows
   968 | D:2      | Reached skill level 1 in Throwing
   968 | D:2      | Reached skill level 1 in Armour
   968 | D:2      | Reached skill level 1 in Shields
   968 | D:2      | Reached skill level 1 in Unarmed Combat
   968 | D:2      | Reached skill level 1 in Evocations
  1070 | D:2      | Noticed Sigmund
  1092 | D:1      | Learned a level 3 spell: Frozen Ramparts
  1096 | D:1      | Learned a level 3 spell: Ozocubu's Armour
  1155 | D:2      | Reached XP level 4. HP: 16/32 MP: 7/11
  1705 | D:3      | Reached skill level 1 in Conjurations
  1705 | D:3      | Reached skill level 1 in Hexes
  1705 | D:3      | Reached skill level 1 in Summonings
  1705 | D:3      | Reached skill level 1 in Necromancy
  1705 | D:3      | Reached skill level 1 in Translocations
  1705 | D:3      | Reached skill level 1 in Transmutations
  1705 | D:3      | Reached skill level 1 in Fire Magic
  1705 | D:3      | Reached skill level 1 in Air Magic
  1705 | D:3      | Reached skill level 1 in Earth Magic
  1705 | D:3      | Reached skill level 1 in Poison Magic
  1706 | D:3      | Reached XP level 5. HP: 24/37 MP: 8/12
  1853 | D:3      | Found a stormy altar of Qazlal.
  2069 | D:3      | Noticed Natasha
  2075 | D:3      | Killed Natasha
  2343 | D:3      | Noticed a water moccasin
  2353 | D:3      | Killed a water moccasin
  2354 | D:3      | Reached skill level 5 in Dodging
  2354 | D:3      | Reached XP level 6. HP: 44/44 MP: 8/14
  2522 | D:3      | Noticed Natasha
  2527 | D:3      | Killed Natasha
  2591 | D:2      | Killed Sigmund
  2592 | D:2      | Reached XP level 7. HP: 43/50 MP: 10/15
  2671 | D:3      | Noticed Natasha
  2683 | D:3      | Killed Natasha
  3478 | D:4      | Reached skill level 5 in Stealth
  3622 | D:5      | Entered Level 5 of the Dungeon
  3773 | D:5      | HP: 1/51 [ice beast (13)]
  3773 | D:5      | Mangled by a gnoll

Illustrated notes

Levels and vault maps discovered:
D:1:      mrwooster_arrival_statue_3, layout_basic
D:2:      minmay_evil_eye, layout_loops_cross, chequers_serial_rivers_micro_a,
          grunt_decor_one_mirror, uniq_jessica, uniq_sigmund
D:3:      layout_basic, marbit_many_paths, kennysheep_generic_room_7,
          uniq_natasha
D:4:      layout_basic, solitary_fountain, minmay_large_rounded_square
D:5:      layout_gridville, nicolae_overflow_crystal_walls,
          grunt_decor_resistance

Skill      XL: |  1  2  3  4  5  6  7 |
---------------+----------------------+-----
Spellcasting   | 5 |  5.8
Invocations    | 1 2 3 |  3.1
Fighting       | 1 2 |  2.8
Short Blades   | 1 2 |  2.8
Long Blades    | 1 2 |  2.8
Axes           | 1 2 |  2.8
Maces & Flails | 1 2 |  2.8
Polearms       | 1 2 |  2.8
Staves         | 1 2 |  2.8
Slings         | 1 2 |  2.8
Bows           | 1 2 |  2.8
Crossbows      | 1 2 |  2.8
Throwing       | 1 2 |  2.8
Armour         | 1 2 |  2.8
Shields        | 1 2 |  2.8
Unarmed Combat | 1 2 |  2.8
Evocations     | 1 2 |  2.8
Conjurations   | 1 2 |  2.3
Hexes          | 1 2 |  2.3
Summonings     | 1 2 |  2.3
Necromancy     | 1 2 |  2.3
Translocations | 1 2 |  2.3
Transmutations | 1 2 |  2.3
Fire Magic     | 1 2 |  2.3
Air Magic      | 1 2 |  2.3
Earth Magic    | 1 2 |  2.3
Poison Magic   | 1 2 |  2.3
Dodging        | 5 |  5.4
Stealth        | 5 |  5.1
Ice Magic      | |  7.5

Action                   |  1- 3 |  4- 6 |  7- 9 || total
-------------------------+-------+-------+-------++-------
Melee: Short sword       |    85 |    96 |    45 ||   226
       Bite              |     7 |    12 |    18 ||    37
       Punch             |     1 |     3 |     2 ||     6
       Dagger            |       |    33 |    72 ||   105
 Cast: Freeze            |     6 |     3 |       ||     9
       Frozen Ramparts   |     1 |     4 |     2 ||     7
       Ozocubu's Armour  |       |     2 |       ||     2
  Use: Scroll            |     2 |     2 |     1 ||     5
 Stab: Sleeping          |     9 |     5 |     2 ||    16
Armor: Robe              |     3 |       |       ||     3
       Troll leather arm |    18 |    20 |    44 ||    82
Dodge: Dodged            |    47 |    69 |    50 ||   166
Block: Other             |       |     3 |    23 ||    26

Table legend: (Time is in decaauts)
 A = Elapsed time spent in this place.
 B = Non-inter-level travel time spent in this place.
 C = Inter-level travel time spent in this place.
 D = Time resting spent in this place.
 E = Time spent auto-exploring this place.
 F = Levels seen in this place.
 G = Mean time per level.
                   A        B        C        D        E       F      G
               +--------+--------+--------+--------+--------+-----+--------+
         Total |   3770 |   3490 |    280 |      4 |   2608 |   5 |  754.0 |
       Dungeon |   3770 |   3490 |    280 |      4 |   2608 |   5 |  754.0 |
               +--------+--------+--------+--------+--------+-----+--------+

Top non-repeatable levels by time:
     D:3: 979 daAuts
     D:2: 921 daAuts
     D:4: 892 daAuts
     D:1: 829 daAuts
     D:5: 147 daAuts
